 Dungeon Crawl Stone Soup version 0.23-a0-436-g57debff (webtiles) character file.

1853 Avack the Carver (level 9, -2/42 HPs)
             Began as a Vine Stalker Gladiator on Nov 17, 2018.
             Was a Follower of Nemelex Xobeh.
             Slain by a killer bee (5 damage)
             ... on level 7 of the Dungeon.
             The game lasted 00:15:11 (5327 turns).

Avack the Carver (Vine Stalker Gladiator)           Turns: 5327, Time: 00:15:12

Health: -2/42      AC:  8    Str: 17    XL:     9   Next: 12%
Magic:  0/10       EV: 13    Int:  8    God:    Nemelex Xobeh [*.....]
Gold:   315        SH:  0    Dex: 19    Spells: 6/8 levels left

rFire    . . .     SeeInvis .   a - +0 long sword
rCold    . . .     Gourm    .   (no shield)
rNeg     + . .     Faith    .   C - +0 leather armour {rN+}
rPois    .         Spirit   +   c - +1 helmet
rElec    .         Reflect  .   D - +1 cloak
rCorr    .         Harm     .   (no gloves)
MR       +....                  w - +0 pair of boots
Stlth    +.........             (no amulet)
HPRegen  0.54/turn              (no ring)
MPRegen  0.12/turn              (no ring)

@: no status effects
A: fangs 3, regeneration 1, magic shield, antimagic bite, no potion heal 3, rot
immunity
a: Renounce Religion


You were on level 7 of the Dungeon.
You worshipped Nemelex Xobeh.
Nemelex Xobeh was aware of your devotion.
You were not hungry.

You visited 2 branches of the dungeon, and saw 8 of its levels.
You also visited: Ossuary.

You collected 418 gold pieces.
You spent 103 gold pieces at shops.

Inventory:

Hand Weapons
 a - a +0 long sword (weapon)
 b - a +0 blowgun
Missiles
 d - 3 throwing nets
 i - 131 stones (quivered)
 k - 2 tomahawks
 l - 8 needles of sleeping
 H - 15 poisoned needles
Armour
 c - a +1 helmet (worn)
 w - a +0 pair of boots (worn)
 C - a +0 leather armour of positive energy (worn)
 D - a +1 cloak (worn)
Jewellery
 u - an uncursed ring of fire
Wands
 E - a wand of random effects (21)
 F - a wand of iceblast (7)
Scrolls
 g - 2 scrolls of enchant weapon {unknown}
 j - a scroll of silence {unknown}
 m - 6 scrolls of teleportation
 o - a scroll of summoning {unknown}
 q - a scroll of fog
 x - a scroll of remove curse
 B - a scroll of blinking
 I - a scroll of holy word {unknown}
Potions
 e - a potion of mutation {unknown}
 h - 7 potions of curing
 n - 4 potions of flight
 p - a potion of haste
 r - a potion of cancellation
 s - a potion of ambrosia {unknown}
 t - a potion of degeneration {unknown}
 v - a potion of lignification
 z - 2 potions of agility
 A - 6 potions of brilliance
Miscellaneous
 y - a plain deck of destruction {drawn: 2}
 G - a plain deck of escape
Comestibles
 f - 12 rations


   Skills:
 - Level 1.7 Fighting
 + Level 10.8 Long Blades
 - Level 1.7 Throwing
 - Level 2.4 Dodging


You had 6 spell levels left.
You knew the following spells:

 Your Spells              Type           Power        Failure   Level  Hunger
a - Swiftness             Chrm/Air       #.......     63%         2    ###....

Your spell library contained the following spells:

 Spells                   Type           Power        Failure   Level  Hunger
 Beastly Appendage        Tmut           #.....       47%         1    ##.....
 Shock                    Conj/Air       #...         47%         1    ##.....
 Sticks to Snakes         Tmut           #.......     63%         2    ###....
 Spider Form              Tmut/Pois      #.........   85%         3    ####...
 Static Discharge         Conj/Air       #.......     85%         3    ####...
 Airstrike                Air            #.........   99%         4    #####..
 Ice Form                 Ice/Tmut       #.......     99%         4    #####..
 Blade Hands              Tmut           #.........   100%        5    ######.
 Lightning Bolt           Conj/Air       #.........   100%        5    ######.


Dungeon Overview and Level Annotations

Branches:
Dungeon (7/15)             Temple (1/1) D:6

Altars:
Cheibriados
Dithmenos
Elyvilon
Hepliaklqana
Nemelex Xobeh
Okawaru
Qazlal
Ru
Uskayaw
Vehumet
Wu Jian
Xom
Yredelemnul
Zin
The Shining One

Shops:
D:5 [   D:7 ?

Annotations:
D:6 2 transporters, 2 exclusions
D:7 2 transporters, George's ghost, novice GrFi


Innate Abilities, Weirdness & Mutations

You have razor-sharp teeth.
Your natural rate of healing is unusually fast.
When hurt, damage is shared between your health and your magic reserves.
Your bite disrupts and absorbs the magic of your enemies.
Potions cannot restore your health.
You are immune to rotting.


Message History

* * * LOW HITPOINT WARNING * * *
You feel sick. The killer bee stings you.
* * * LOW HITPOINT WARNING * * *
You are more poisoned.
The killer bee poisons you! The killer bee stings you.
You are more poisoned.
The killer bee poisons you!
Your system rejects the healing.
You feel better. The killer bee stings you.
* * * LOW HITPOINT WARNING * * *
The killer bee stings you but does no damage.
Evoke which item? (* to show all) (? for menu, Esc to quit)
You draw a card...
It is Pain.
You have drawn Pain.
Press: ? - help, Shift-Dir - straight line, f/p - killer bee
Aim: a killer bee (severely wounded, covered in acid)
The killer bee convulses!
The killer bee stings you.
* * * LOW HITPOINT WARNING * * *
The killer bee stings you!
You die...
Your body disappears without a glow.

##############......)######..#
.....................# #..#
#.##.#..>#######...### #..####
#..................# ****#......
#..#.#...##.####.#.# #.<.$.O....
#..#.##.###.######.# *#.####.####
#..#..........####.#**,,,**#o# #
...####.###.#....#.,,,,,*,*#.####
#..# #.# #.####@#,,,,,,,,,......
#.<####.###.## #y#,,*+*,,,*o.####
#............# #y...#_*,,*..#* #
##.####>###..# ###..#**,,,,,* #
*#.#**#.#*#..# *....,,,#,,*####
,,..,,...,...# *,.....*#.,*#...
**.#*###.*##.# **####.##..##.##
,,,,,,,,.* *.#********#..........
,,,,****.# *..*,,,,,,,y.....##.##


You could see 2 killer bees.

Vanquished Creatures
  A black bear (D:6)
  An ice beast (D:7)
  3 ogres
  2 phantoms
  Blork the orc (D:4)
  An elf skeleton (D:7)
  A troll zombie (Ossuary)
  3 killer bees (D:7)
  A howler monkey (D:6)
  2 centaur zombies
  2 bullfrog zombies (D:5)
  3 crimson imps
  A human zombie (D:7)
  3 orc wizards
  An orc priest (D:6)
  A hound (D:4)
  2 iguanas (D:5)
  2 human skeletons (D:7)
  2 worker ants
  3 ogre zombies (Ossuary)
  A big kobold zombie (Ossuary)
  A hound zombie (D:5)
  7 mummies (Ossuary)
  A howler monkey skeleton (D:5)
  3 adders
  A shadow imp (D:5)
  3 adder zombies (Ossuary)
  An adder skeleton (D:6)
  2 worms
  2 leopard geckos
  19 orcs
  A giant cockroach (D:5)
  3 goblins
  6 hobgoblins
  7 jackals
  10 kobolds
  3 quokkas
  3 ball pythons
  5 bats
  11 frilled lizards
  3 gnoll zombies (Ossuary)
  2 goblin zombies (Ossuary)
  3 hobgoblin zombies (Ossuary)
  4 kobold zombies (Ossuary)
  A leopard gecko zombie (D:7)
  2 orc skeletons (D:7)
  6 quokka zombies (Ossuary)
  8 rats
  3 rat zombies (Ossuary)
158 creatures vanquished.

Notes
Turn   | Place    | Note
-------+----------+-------------------------------------------
     0 | D:1      | Avack the Vine Stalker Gladiator began the quest for the
                  | Orb.
     0 | D:1      | Reached XP level 1. HP: 11/11 MP: 2/2
   142 | D:1      | Reached skill level 3 in Long Blades
   156 | D:1      | Reached XP level 2. HP: 15/15 MP: 3/3
   585 | D:1      | Reached XP level 3. HP: 17/18 MP: 4/4
   870 | D:2      | Found a glowing silver altar of Zin.
  1045 | D:2      | Found a basalt altar of Yredelemnul.
  1161 | D:2      | Found a glowing golden altar of the Shining One.
  1549 | D:3      | Reached skill level 4 in Long Blades
  1630 | D:3      | Found a faded altar of an unknown god.
  1736 | D:3      | Gained mutation: Your natural rate of healing is unusually
                  | fast. [Vine Stalker growth]
  1736 | D:3      | Reached XP level 4. HP: 4/23 MP: 3/5
  1752 | D:3      | Reached skill level 5 in Long Blades
  1915 | D:3      | Reached XP level 5. HP: 26/26 MP: 6/6
  2221 | D:4      | Noticed Blork the orc
  2230 | D:4      | Killed Blork the orc
  2274 | D:4      | Learned a level 2 spell: Swiftness
  2355 | D:4      | Reached XP level 6. HP: 30/30 MP: 7/7
  2412 | D:4      | Reached skill level 6 in Long Blades
  2483 | D:4      | Noticed a phantom
  2535 | D:4      | Killed a phantom
  2848 | D:4      | Reached skill level 7 in Long Blades
  2848 | D:4      | Reached XP level 7. HP: 34/34 MP: 8/8
  3008 | D:5      | Entered Level 5 of the Dungeon
  3326 | D:5      | Reached skill level 8 in Long Blades
  3484 | D:5      | Found Xamauhi's Antique Armour Emporium.
  3493 | D:5      | Bought a cloak for 103 gold pieces
  3827 | D:6      | Found a shimmering altar of Xom.
  3887 | D:6      | Gained mutation: You have razor-sharp teeth. [Vine Stalker
                  | growth]
  3887 | D:6      | Reached XP level 8. HP: 29/38 MP: 5/9
  3939 | D:6      | Found a staircase to the Ecumenical Temple.
  3947 | Temple   | Entered the Ecumenical Temple
  4053 | Temple   | Became a worshipper of Nemelex Xobeh the Trickster
  4212 | D:6      | Reached skill level 9 in Long Blades
  4258 | D:6      | Received a gift from Nemelex Xobeh
  4265 | D:6      | Found a transporter.
  4281 | D:6      | Found a transporter.
  4307 | D:6      | Found a sacrificial altar of Ru.
  4530 | D:7      | Found a sand-covered staircase.
  4541 | Ossuary  | Entered an ossuary
  4804 | Ossuary  | Reached skill level 10 in Long Blades
  5032 | D:7      | Reached * piety under Nemelex Xobeh
  5069 | D:7      | Found a transporter.
  5070 | D:7      | Noticed George's ghost (novice GrFi)
  5074 | D:7      | Found a transporter.
  5098 | D:7      | Received a gift from Nemelex Xobeh
  5220 | D:7      | Reached XP level 9. HP: 42/42 MP: 10/10
  5260 | D:7      | Found Qumnapne's Magic Scroll Boutique.
  5327 | D:7      | Slain by a killer bee

Vault maps used:
D:1:      lightli_arrival_lavapool, chequers_serial_rivers_small_b
D:2:      nicolae_overflow_crystal_walls, overflow_temple_1_default,
          zin_statuary, first_ration
D:3:      chequers_ecumenical_altar_simple
D:4:      cheibrodos_pilgrimage, nrook_loot_triangle, uniq_blork_the_orc
D:5:      serial_shops, shop, minmay_misc_feat_chi
D:6:      gammafunk_steamed_eel, nicolae_ru_great_annihilating_truth,
          lemuel_doored_altar, temple_fountains, centaur_isle
D:7:      kennysheep_mini_moat, gammafunk_ghost_arena, serial_shops,
          kennysheep_mini, nicolae_ossuary_entry_catacombs
Temple:   zaba_magenta_temple
Ossuary:  ossuary_boxes_badplayer

Skill      XL: |  1  2  3  4  5  6  7  8 |
---------------+-------------------------+-----
Long Blades    | 3 4 5 7 8 10 | 10.8
Fighting       | |  1.7
Throwing       | |  1.7
Dodging        | |  2.4

Action                   |  1- 3 |  4- 6 |  7- 9 || total
-------------------------+-------+-------+-------++-------
Melee: Long sword        |   109 |   119 |   285 ||   513
       Bite              |    34 |    39 |   132 ||   205
Throw: Stone             |     6 |    24 |    13 ||    43
       Throwing net      |       |     1 |       ||     1
       Tomahawk          |       |     4 |     6 ||    10
Evoke: Deck              |       |       |     2 ||     2
  Use: Scroll            |       |     2 |    16 ||    18
       Potion            |       |       |     1 ||     1
 Stab: Sleeping          |       |       |     3 ||     3
       Distracted        |       |       |     1 ||     1
       Paralysed         |       |       |     1 ||     1
  Eat: Chunk             |     3 |     4 |     5 ||    12
       Ration            |       |       |     1 ||     1
Armor: Leather armour    |    24 |    20 |    63 ||   107
Dodge: Dodged            |    69 |    64 |   124 ||   257
       Rpst.: Long sword |    24 |    15 |    42 ||    81

Table legend:
 A = Non-vault XP
 B = Vault XP
 C = Vault XP percentage of total XP
 D = Non-vault monster count
 E = Vault monster count
 F = Vault count percentage of total count
                 A         B        C        D         E       F
            +---------+---------+-------+---------+---------+-------
      Total |    1911 |     737 |  27.8 |     107 |      51 |  32.3
            +---------+---------+-------+---------+---------+-------
        D:1 |      34 |       0 |   0.0 |      20 |       0 |   0.0
        D:2 |      12 |       0 |   0.0 |       7 |       0 |   0.0
        D:3 |     129 |       0 |   0.0 |      24 |       0 |   0.0
        D:4 |     413 |     105 |  20.3 |      19 |       4 |  17.4
        D:5 |     455 |       0 |   0.0 |      18 |       0 |   0.0
        D:6 |     394 |      43 |   9.8 |      11 |       4 |  26.7
        D:7 |     474 |     199 |  29.6 |       8 |       6 |  42.9
    Ossuary |       0 |     390 | 100.0 |       0 |      37 | 100.0
            +---------+---------+-------+---------+---------+-------
